 Dungeon Sprint DCSS version 0.30-a0-862-g1aabd4f9c5 (webtiles) character file.

Game seed: 13861067846616622335

11826 Demosthentine the Fighter (level 11, -8/90 HPs)
             Began as a Demonspawn Gladiator on Mar 9, 2023.
             Was a High Priest of Hepliaklqana.
             Killed from afar by a rakshasa (illusionary) (16 damage)
             ... with a lance of force
             ... in the Dungeon (Sprint VII: "The Pits").
             The game lasted 00:06:33 (1529 turns).

Demosthentine the Fighter (Demonspawn Gladiator)    Turns: 1529, Time: 00:06:33

Health: -8/90      AC: 16    Str: 20    XL:     11   Next: 54%
Magic:  22/22      EV: 22    Int: 10    God:    Hepliaklqana [*****.]
Gold:   20         SH:  0    Dex: 20    Spells: 10/10 levels left

rFire   . . .      SeeInvis +    q - +2 halberd (protect)
rCold   . . .      Faith    .    (shield currently unavailable)
rNeg    . . .      Spirit   .    b - +0 leather armour
rPois   .          Reflect  .    c - +0 helmet
rElec   .          Rampage  .    A - +0 cloak
rCorr   .          NoTele   +    r - +0 pair of gloves
Will    .....                    l - +0 pair of boots
Stlth   ++                       (no amulet)
HPRegen 0.35/turn                z - ring of Xom's Capriciousness {Dex+4 SInv}
MPRegen 0.18/turn                p - +3 ring of strength

@: under a protective aura
A: reduced essence, ignite blood 1, powered by death 1, sturdy frame 2, weakness
stinger 1
a: Renounce Religion, Recall Ancestor, Ancestor Identity, Transference, Idealise


You were in the Dungeon.
You worshipped Hepliaklqana.
Hepliaklqana was extremely pleased with you.
You visited 1 branch You collected 20 gold pieces.

Inventory:

Hand Weapons
 q - a +2 halberd of protection (weapon)
Missiles
 d - a throwing net (quivered)
 e - a javelin
Armour
 b - a +0 leather armour (worn)
 c - a +0 helmet (worn)
 l - a +0 pair of boots (worn)
 r - a +0 pair of gloves (worn)
 A - a +0 cloak (worn)
Jewellery
 o - a ring of poison resistance
 p - a +3 ring of strength (right hand)
 z - the ring of Xom's Capriciousness (left hand) {Dex+4 SInv}
   (You found it in the Dungeon)

   [ring of see invisible]

   Dex:       It affects your dexterity (+4).
   SInv:      It lets you see invisible.
Scrolls
 k - a scroll of blinking
 m - 5 scrolls of amnesia
 n - 2 scrolls of summoning
 s - 4 scrolls of enchant weapon
 u - 2 scrolls of enchant armour
 w - 3 scrolls of fear
 y - a scroll of fog
Potions
 a - 2 potions of invisibility
 f - 10 potions of curing
 g - 9 potions of heal wounds
 h - 2 potions of haste
 i - 5 potions of magic
 j - a potion of berserk rage
 t - a potion of might
 v - 2 potions of mutation
 x - a potion of brilliance


   Skills:
 + Level 14.8 Fighting
 + Level 13.8 Polearms
 - Level 1.7 Throwing
 - Level 8.5 Armour
 + Level 13.8 Dodging
 + Level 14.8 Invocations


You had 10 spell levels left.
You didn't know any spells.
Your spell library was empty.

Dungeon Overview and Level Annotations

Branches:
Dungeon (1/1)

Altars:
Ashenzari
Cheibriados
Dithmenos
Fedhas
Gozag
Hepliaklqana
Kikubaaqudgha
Makhleb
Nemelex Xobeh
Okawaru
Qazlal
Ru
Sif Muna
Trog
Uskayaw
Vehumet
Wu Jian
Xom
Yredelemnul
Jiyva
Lugonu


Innate Abilities, Weirdness & Mutations

Your life essence is reduced to manifest your ancestor. (-10% HP)
Your demonic aura sometimes causes spilled blood to erupt in flames.
You regenerate a little health from kills.
Your movements are less encumbered by armour. (ER -4)
You have a small tail.


Message History

The rakshasa hits you with a +0 whip.
You closely miss the rakshasa.
Your tail-slap misses the rakshasa.
Dunstan hits the rakshasa with a +0 dagger of draining.
The rakshasa misses you.
You slash the rakshasa!
Your weapon exudes an aura of protection.
The rakshasa is moderately wounded.
Dunstan hits the rakshasa with a +0 dagger of draining.
The rakshasa hits you with a +0 whip!
Dunstan hits the rakshasa but does no damage.
You barely miss the rakshasa.
Your tail-slap misses the rakshasa.
The rakshasa is moderately wounded.
Dunstan closely misses the rakshasa.
You miss the rakshasa.
The rakshasa is moderately wounded.
Dunstan barely misses the rakshasa.
The rakshasa barely misses you.
Dunstan hits the rakshasa with a +0 dagger of draining.
You hit the rakshasa but do no damage.
The rakshasa is moderately wounded.
The rakshasa misses you.
Dunstan hits the rakshasa with a +0 dagger of draining.
You slash the rakshasa!
The rakshasa is severely wounded.
The injured rakshasa weaves a defensive illusion!
Dunstan hits the rakshasa with a +0 dagger of draining.
Dunstan closely misses the rakshasa.
The rakshasa barely misses you. The rakshasa gestures at you.
The lance of force hits you.
You are knocked back by the lance of force.
You slam into the closed door!
* * * LOW HITPOINT WARNING * * *
The rakshasa hits something with a +0 whip!
The rakshasa gestures at you. The lance of force hits you!!
* * * LOW HITPOINT WARNING * * *
You are knocked back by the lance of force.
You slam into the metal wall!
The rakshasa gestures at you. The lance of force hits you!
You die...

###.......##....###...###.).#...#
.##...<...##...##.)...'.##)....##
.##.......##..##..##'##..##...##.
.##.......##..#).##...##.)))..#..
###.......##..#..#.....#).#...#..
.###########RRRR.'.....'..'...'..
############..#.○#.....#..#...#..
#....#..[[##..#..##...##..'...#..
#....#.!..##..##@.##'##..##...##.
†....'..))##..(##.+...'.##.....##
#....#..))##....###..)###...#...#
#....#..))##......#...'))..###...
############################ ####


You could see 2 rakshasas.

Vanquished Creatures
  A nagaraja (D)
  3 two-headed ogres (D)
  A death yak (D)
  An orc high priest (D)
  2 shadow wraiths (D)
  A sixfirhy (D)
  A swamp dragon (D)
  A deep elf pyromancer (D)
  A cyclops (D)
  An orange demon (D)
  2 rime drakes (D)
  A polar bear (D)
  A merfolk (D)
  A tarantella (D)
  A hornet (D)
  A tyrant leech (D)
  A hellwing (D)
  4 vampire mosquitoes (D)
  A redback (D)
  A floating eye (D)
  4 orc warriors (D)
  A sky beast (D)
  A swamp drake (D)
  2 centaurs (D)
  A phantom (D)
  3 scorpions (D)
  A hound (D)
  2 jellies (D)
  An iron imp (D)
  2 iguanas (D)
  An orc wizard (D)
  A hell rat (D)
  A mummy (D)
  An adder (D)
  An ufetubus (D)
  A worm (D)
  4 orcs (D)
  A bat (D)
  An endoplasm (D)
  2 goblins (D)
  2 hobgoblins (D)
  A jackal (D)
  A frilled lizard (D)
  A giant cockroach zombie (D)
  3 rats (D)
67 creatures vanquished.

Vanquished Creatures (collateral kills)
  A boulder beetle (D)
  A gargoyle (D)
  A large abomination (D)
  A redback (D)
  2 orcs (D)
  A giant cockroach (D)
  A jackal (D)
8 creatures vanquished.

Vanquished Creatures (others)
  2 hexers (D)
  2 ancestors (D)
  2 orcs (D)
  A jackal (D)
7 creatures vanquished.

Grand Total: 82 creatures vanquished

Notes
Turn   | Place    | Note
-------+----------+-------------------------------------------
     0 | D        | Demosthentine the Demonspawn Gladiator began the quest for
                  | the Orb.
     0 | D        | Reached XP level 1. HP: 16/16 MP: 1/1
    44 | D        | Found a basalt altar of Yredelemnul.
    44 | D        | Found a shimmering altar of Xom.
    44 | D        | Found an ornate altar of the Wu Jian Council.
    44 | D        | Found a bloodstained altar of Trog.
    44 | D        | Found a shimmering blue altar of Sif Muna.
    44 | D        | Found a sacrificial altar of Ru.
    44 | D        | Found a stormy altar of Qazlal.
    44 | D        | Found an iron altar of Okawaru.
    44 | D        | Found a sparkling altar of Nemelex Xobeh.
    44 | D        | Found a burning altar of Makhleb.
    44 | D        | Found a viscous altar of Jiyva.
    44 | D        | Found a hazy altar of Hepliaklqana.
    44 | D        | Found an opulent altar of Gozag.
    44 | D        | Found a blossoming altar of Fedhas.
    44 | D        | Found a shadowy altar of Dithmenos.
    44 | D        | Found a snail-covered altar of Cheibriados.
    45 | D        | Found a radiant altar of Vehumet.
    45 | D        | Found a corrupted altar of Lugonu.
    46 | D        | Found an ancient bone altar of Kikubaaqudgha.
    46 | D        | Found a hide-covered altar of Uskayaw.
    46 | D        | Found a broken altar of Ashenzari.
    48 | D        | Became a worshipper of Hepliaklqana the Forgotten
    61 | D        | Reached skill level 1 in Armour
    83 | D        | Noticed a scorpion
    84 | D        | Noticed a phantom
    92 | D        | Gained mutation: Your movements are slightly less
                  | encumbered by armour. (ER -2) [demonic ancestry]
    92 | D        | Reached XP level 2. HP: 23/23 MP: 2/2
    96 | D        | Killed a phantom
    97 | D        | Reached XP level 3. HP: 31/31 MP: 3/3
    97 | D        | Gained mutation: You regenerate a little health from kills.
                  | [demonic ancestry]
    97 | D        | Reached XP level 4. HP: 38/38 MP: 4/4
   102 | D        | Killed a scorpion
   103 | D        | Reached skill level 5 in Fighting
   103 | D        | Reached skill level 5 in Polearms
   103 | D        | Reached skill level 5 in Dodging
   103 | D        | Gained mutation: Your demonic aura sometimes causes spilled
                  | blood to erupt in flames. [demonic ancestry]
   103 | D        | Reached XP level 5. HP: 36/44 MP: 5/5
   168 | D        | Reached * piety under Hepliaklqana
   228 | D        | Reached skill level 5 in Armour
   326 | D        | Noticed a death yak
   337 | D        | Killed a death yak
   338 | D        | Gained mutation: Your movements are less encumbered by
                  | armour. (ER -4) [demonic ancestry]
   338 | D        | Reached XP level 6. HP: 51/51 MP: 6/6
   338 | D        | Gained mutation: You have a small tail. [demonic ancestry]
   338 | D        | Reached XP level 7. HP: 56/56 MP: 7/7
   339 | D        | Noticed an orange demon
   340 | D        | Noticed a polar bear
   347 | D        | Killed an orange demon
   348 | D        | Reached XP level 8. HP: 63/63 MP: 8/8
   353 | D        | Killed a polar bear
   389 | D        | Reached ** piety under Hepliaklqana
   451 | D        | Reached skill level 1 in Invocations
   525 | D        | Noticed a deep elf pyromancer
   534 | D        | Killed a deep elf pyromancer
   535 | D        | Reached skill level 10 in Fighting
   535 | D        | Remembered your ancestor Dunstan as a hexer
   543 | D        | Noticed a cyclops
   545 | D        | Reached *** piety under Hepliaklqana
   549 | D        | Killed a cyclops
   550 | D        | Reached skill level 10 in Polearms
   550 | D        | Reached skill level 10 in Dodging
   550 | D        | Reached XP level 9. HP: 33/71 MP: 10/13
   554 | D        | Killed a shadow wraith
   676 | D        | Noticed a two-headed ogre
   685 | D        | Killed a two-headed ogre
   707 | D        | Reached XP level 10. HP: 80/80 MP: 15/17
   717 | D        | Noticed a swamp dragon
   728 | D        | Reached skill level 10 in Invocations
   739 | D        | Killed a swamp dragon
   754 | D        | Noticed a gargoyle
   756 | D        | Noticed a two-headed ogre
   761 | D        | Killed a gargoyle
   763 | D        | Killed a two-headed ogre
   906 | D        | Reached **** piety under Hepliaklqana
   913 | D        | Noticed a two-headed ogre
   914 | D        | Noticed an orc high priest
   914 | D        | Paralysed by a floating eye for 3 turns
   935 | D        | Killed a two-headed ogre
   946 | D        | Killed an orc high priest
   947 | D        | Reached XP level 11. HP: 23/89 MP: 20/20
  1115 | D        | Killed a shadow wraith
  1123 | D        | Reached ***** piety under Hepliaklqana
  1130 | D        | Noticed a sixfirhy
  1138 | D        | Killed a sixfirhy
  1193 | D        | Got the ring of Xom's Capriciousness {Dex+4 SInv}
  1292 | D        | Noticed a boulder beetle
  1307 | D        | Killed a boulder beetle
  1381 | D        | Noticed a nagaraja
  1381 | D        | Noticed a rakshasa
  1448 | D        | Killed a nagaraja
  1529 | D        | Killed from afar by a rakshasa (illusionary)

Illustrated notes

Levels and vault maps discovered:
D:        pitsprint [storerooms_1, entrance_room_1, metal_vault_6, armoury_1,
          mini_pit_1, grid_room_1, main_hall_1, silver_pit, the_coven_1,
          the_vestibule_1, steel_vault_2, golden_pit, hallway_of_sentries,
          crystal_vault_1, iron_vault_1, final_vault]

Skill      XL: |  1  2  3  4  5  6  7  8  9 10 11 |
---------------+----------------------------------+-----
Polearms       | 3 4 5 8 10 11 12 13 | 13.8
Armour         | 1 3 4 7 8 |  8.5
Dodging        | 3 4 5 8 10 11 12 13 | 13.8
Fighting       | 4 5 8 9 10 12 13 14 | 14.8
Invocations    | 6 9 12 14 | 14.8
Throwing       | |  1.7

Action                     |  1- 3 |  4- 6 |  7- 9 | 10-12 || total
---------------------------+-------+-------+-------+-------++-------
  Melee: Trident           |    21 |    34 |    13 |       ||    68
         Halberd           |       |       |    41 |   173 ||   214
         Tailslap          |       |       |     6 |    30 ||    36
         Punch             |       |       |     1 |       ||     1
  Throw: Throwing net      |       |     2 |       |     1 ||     3
 Invoke: Ancestor Life: He |       |       |     1 |       ||     1
    Use: Potion            |     1 |       |     2 |     7 ||    10
         Scroll            |       |       |       |     1 ||     1
   Stab: Held in net/web   |       |     2 |       |       ||     2
         Confused          |       |       |     2 |     3 ||     5
         Distracted        |       |       |       |     1 ||     1
 Armour: Leather armour    |     5 |     4 |     5 |    49 ||    63
  Dodge: Dodged            |     8 |    11 |    19 |   131 ||   169

Table legend: (Time is in decaauts)
 A = Elapsed time spent in this place.
 B = Non-inter-level travel time spent in this place.
 C = Inter-level travel time spent in this place.
 D = Time resting spent in this place.
 E = Time spent auto-exploring this place.
 F = Levels seen in this place.
 G = Mean time per level.
                   A        B        C        D        E       F      G
               +--------+--------+--------+--------+--------+-----+--------+
         Total |   1553 |   1553 |      0 |    553 |     85 |   1 | 1553.0 |
       Dungeon |   1553 |   1553 |      0 |    553 |     85 |   1 | 1553.0 |
               +--------+--------+--------+--------+--------+-----+--------+

Top non-repeatable levels by time:
       D: 1553 daAuts
